 Dungeon Crawl Stone Soup version 0.31-a0-175-g9f7f995f2b (webtiles) character file.

Game seed: 1517924729739204264

8 qw the Shooter (level 2, -3/26 HPs)
             Began as a Naga Hunter on June 16, 2023.
             Slain by a quokka (4 damage)
             ... on level 1 of the Dungeon.
             The game lasted 00:00:06 (147 turns).

qw the Shooter (Naga Hunter)                         Turns: 147, Time: 00:00:06

Health: -3/26      AC:  2    Str: 13    XL:     2   Next: 8%
Magic:  2/2        EV:  9    Int:  9    God:
Gold:   0          SH:  0    Dex: 14    Spells: 1/1 levels left

rFire   . . .        a - +0 shortbow
rCold   . . .        (shield currently unavailable)
rNeg    . . .        c - +0 leather armour
rPois   +            (no helmet)
rElec   .            (no cloak)
rCorr   .            (no gloves)
SInv    +            (no barding)
Will    .....        (no amulet)
Stlth   ++           (no ring)
HPRegen 0.24/turn    (no ring)
MPRegen 0.08/turn

%: no passive effects
@: short of breath, very slow
A: AC +0, large, see invisible, deformed body, poison resistance, slowness 2,
spit poison 1, naga tail 1
a: Spit Poison


You were on level 1 of the Dungeon.
You visited 1 branch of the dungeon, and saw 1 of its levels.


Innate Abilities, Weirdness & Mutations

Your serpentine skin is tough. (AC +0)
You have supernaturally acute eyesight. (SInv)
Armour fits poorly on your strangely shaped body.
Your system is resistant to poisons. (rPois)
You cover ground very slowly.
You can spit poison.
You have a snake-like lower body.


   Skills:
 - Level 2.0 Fighting
 + Level 4.0 Ranged Weapons
 - Level 1.5 Dodging
 - Level 1.5 Stealth


You had one spell level left.
You didn't know any spells.
Your spell library was empty.

Inventory:

Hand Weapons
 a - a +0 shortbow (weapon)
Armour
 c - a +0 leather armour (worn)
Scrolls
 b - a scroll of butterflies
 d - a scroll of blinking {unknown}
Potions
 e - a potion of ambrosia {unknown}
 f - a potion of enlightenment {unknown}

Dungeon Overview and Level Annotations

Branches:
Dungeon (1/15)

Altars:


Message History

135 ||| INVOKING Spit Poison.
Aiming: Spit Poison (2% risk of failure)
Press: ? - help, Shift-Dir - straight line, f - bat The splash of poison misses the bat.
The bat barely misses you. x2
You shoot an arrow. The arrow closely misses the bat.
The bat hits you. The bat hits you but does no damage. x2
You shoot an arrow. The arrow barely misses the bat.
You have got your breath back.
The bat hits you but does no damage.
138 ||| INVOKING Spit Poison.
Aiming: Spit Poison (2% risk of failure)
Press: ? - help, Shift-Dir - straight line, f - quokka The splash of poison misses the quokka.
You shoot an arrow. The arrow closely misses the quokka.
The quokka closely misses you. The quokka bites you.
You shoot an arrow. The arrow closely misses the quokka.
The quokka bites you but does no damage.
You shoot an arrow. The arrow closely misses the quokka.
The quokka bites you. The quokka barely misses you.
You shoot an arrow. The arrow closely misses the quokka.
The quokka bites you.
The quokka bites you but does no damage.
You shoot an arrow. The arrow closely misses the quokka.
You have got your breath back.
The quokka bites you.
144 ||| INVOKING Spit Poison.
Aiming: Spit Poison (2% risk of failure)
Press: ? - help, Shift-Dir - straight line, f/p - quokka The splash of poison hits the quokka.
The quokka is almost dead.
The quokka completely misses you.
You shoot an arrow. The arrow closely misses the quokka.
The quokka bites you. x2
You shoot an arrow. The arrow barely misses the quokka.
The quokka bites you.
You shoot an arrow. The arrow closely misses the quokka.
The quokka bites you but does no damage.
The quokka bites you.
You die...

+... ... #... ..
#... #. 7~.. ##
##.## #~# #77. ..#
...### #~# ## ..
#...###~# ##8
#?##....##~# +..
#r@....##~# ###
#$##.....#~#######~#
..
.#.....#~~~~~~~~~#
..#
#..................
..
..............######
. ...............#
...............#
...............#
..............#


You could see a quokka.

Vanquished Creatures
  A ball python (D:1)
  A kobold (D:1)
  3 bats (D:1)
  2 frilled lizards (D:1)
  2 rats (D:1)
9 creatures vanquished.

Notes
Turn   | Place    | Note
-------+----------+-------------------------------------------
     0 | D:1      | qw the Naga Hunter began the quest for the Orb.
     0 | D:1      | Reached XP level 1. HP: 19/19 MP: 1/1
     0 | D:1      | 0 ||| qw: Version: 0.2-a-29-g511e9b1
     0 | D:1      | 0 ||| qw: Game counter: 5918
     0 | D:1      | 0 ||| qw: Always use a shield: true
     0 | D:1      | 0 ||| qw: God list: Okawaru
     0 | D:1      | 0 ||| qw: Allow faded altars: false
     0 | D:1      | 0 ||| qw: Do Orc after D:15 true
     0 | D:1      | 0 ||| qw: Do second Lair branch before Depths: true
     0 | D:1      | 0 ||| qw: Lair rune preference: random
     0 | D:1      | 0 ||| qw: Plans: Normal
     0 | D:1      | 0 ||| PLANNING D:1-11
   113 | D:1      | 113 ||| INVOKING Spit Poison.
   114 | D:1      | 114 ||| INVOKING Spit Poison.
   122 | D:1      | 122 ||| INVOKING Spit Poison.
   125 | D:1      | 125 ||| INVOKING Spit Poison.
   129 | D:1      | 129 ||| INVOKING Spit Poison.
   130 | D:1      | Reached skill level 4 in Ranged Weapons
   130 | D:1      | Reached XP level 2. HP: 19/26 MP: 2/2
   135 | D:1      | 135 ||| INVOKING Spit Poison.
   138 | D:1      | 138 ||| INVOKING Spit Poison.
   144 | D:1      | 144 ||| INVOKING Spit Poison.
   145 | D:1      | HP: 6/26 [quokka (5)]
   145 | D:1      | HP: 1/26 [quokka (5)]
   147 | D:1      | Slain by a quokka

Levels and vault maps discovered:
D:1:      saegor_arrival_fortress, layout_basic, minmay_tall_x

Skill      XL: |  1 |
---------------+----+-----
Ranged Weapons | 4 |  4.0
Fighting       | |  2.0
Dodging        | |  1.5
Stealth        | |  1.5

Action                     || total
---------------------------++-------
   Fire: Shortbow          ||    25
Ability: Spit Poison       ||     7
 Armour: Leather armour    ||     9
  Dodge: Dodged            ||    12

Table legend:
 A = Non-vault XP
 B = Vault XP
 C = Vault XP percentage of total XP
 D = Non-vault monster count
 E = Vault monster count
 F = Vault count percentage of total count
                 A         B        C        D         E       F
            +---------+---------+-------+---------+---------+-------
      Total |       7 |       5 |  41.7 |       5 |       4 |  44.4
            +---------+---------+-------+---------+---------+-------
        D:1 |       7 |       5 |  41.7 |       5 |       4 |  44.4
            +---------+---------+-------+---------+---------+-------
